[Event "Titled Tuesday Blitz May 2 Late 2023"]
[White "Dovbnia, Nikita"]
[Black "Kubatko, Ivan"]
[WhiteFideId "54104599"]
[BlackFideId "24111473"]
[WhiteElo "2076"]
[BlackElo "2285"]
[Result "1-0"]
[Round "02"]
[TimeControl "180+2"]
[Date "2023.05.02"]
[WhiteClock "0:00:22"]
[BlackClock "0:00:03"]

1. Nf3 d5 2. b3 c5 3. Bb2 Nc6 4. e3 a6 5. Be2 Nf6 6. c4 d4 7. d3 e5 8. e4 g6 9. Na3 Bg7 10. Nc2 O-O 11. O-O Nh5 12. g3 Bh3 13. Re1 h6 14. Bc1 Kh7 15. Bd2 a5 16. a3 Qe7 17. Rb1 f5 18. b4 fxe4 19. dxe4 axb4 20. axb4 Bg4 21. Nh4 Bxe2 22. Qxe2 Rad8 23. Qd3 Qf7 24. Rf1 Bf6 25. Ng2 Be7 26. bxc5 Bxc5 27. Nb4 Nxb4 28. Bxb4 b6 29. Bxc5 bxc5 30. Rb5 Rc8 31. f4 Ng7 32. fxe5 Qe7 33. Rxf8 Rxf8 34. Nf4 Qxe5 35. Qe2 Re8 36. Nd5 Kh8 37. Rxc5 Nf5 38. Nc7 Qxe4 39. Qxe4 Rxe4 40. Rc6 d3 41. Nd5 d2 42. Nc3 Re1+ 43. Kf2 Rc1 44. Ke2 Rxc3 45. Kxd2 Ra3 46. Rxg6 Ra2+ 47. Kd3 Rxh2 48. c5 Kh7 49. Rf6 Ng7 50. c6 Rh1 51. c7 Rc1 52. Rf7 Kg6 53. Re7 Kf6 54. Rd7 Ne6 55. Ke4 Rxc7 56. Rd6 Rc4+ 57. Kd5 1-0


[Site "https://www.chess.com"]

[Event "Titled Tuesday Blitz May 2 Late 2023"]
[White "Rottenwohrer Suarez, Juan"]
[Black "Joubert, Dantelle"]
[WhiteFideId "32068182"]
[BlackFideId "14310813"]
[WhiteElo "2174"]
[BlackElo "1507"]
[Result "1-0"]
[Round "02"]
[TimeControl "180+2"]
[Date "2023.05.02"]
[WhiteClock "0:01:08"]
[BlackClock "0:01:13"]

1. d4 f5 2. Bg5 Nf6 3. Bxf6 exf6 4. Nc3 Bb4 5. Qd3 Bxc3+ 6. Qxc3 O-O 7. e3 f4 8. exf4 d5 9. Bd3 Qd6 10. Ne2 Bg4 11. f3 Bd7 12. O-O Nc6 13. a3 Ne7 14. Qb4 Qe6 15. Rfe1 b6 16. Ng3 c5 17. Rxe6 1-0


[Site "https://www.chess.com"]

[Event "Titled Tuesday Blitz May 2 Late 2023"]
[White "Eisa Mohmood, Alkhoori"]
[Black "Nunez V, Gustavo Eduardo"]
[WhiteFideId "9316116"]
[BlackFideId "4403690"]
[WhiteElo "1310"]
[BlackElo "2228"]
[Result "0-1"]
[Round "02"]
[TimeControl "180+2"]
[Date "2023.05.02"]
[WhiteClock "0:01:49"]
[BlackClock "0:01:17"]

1. e4 c5 2. Nf3 Nc6 3. d4 cxd4 4. Nxd4 e5 5. Nb5 a6 6. Nd6+ Bxd6 7. Qxd6 Qf6 8. Qd2 Nge7 9. Nc3 O-O 10. Be2 d6 11. O-O Be6 12. Qxd6 Rad8 13. Qc5 Nd4 14. Bd3 Rc8 15. Qb6 Rfd8 16. f4 Rd7 17. f5 Bc4 18. Qxf6 gxf6 19. Be3 Bxd3 20. cxd3 Nc2 21. Rac1 Nxe3 22. Nd5 N3xd5 23. exd5 Rxc1 24. d6 Rxf1+ 25. Kxf1 Nxf5 0-1


[Site "https://www.chess.com"]

[Event "Titled Tuesday Blitz May 2 Late 2023"]
[White "Pasti, Aron"]
[Black "Vargas, Mauricio"]
[WhiteFideId "785857"]
[BlackFideId "4404572"]
[WhiteElo "2173"]
[BlackElo "1998"]
[Result "1-0"]
[Round "02"]
[TimeControl "180+2"]
[Date "2023.05.02"]
[WhiteClock "0:01:38"]
[BlackClock "0:00:08"]

1. e4 c6 2. Nf3 d5 3. Nc3 dxe4 4. Nxe4 Nf6 5. Nxf6+ exf6 6. d4 Bd6 7. Bd3 O-O 8. O-O Re8 9. h3 Be6 10. Nh4 Nd7 11. Nf5 Nf8 12. Qf3 Bc7 13. Bf4 Ng6 14. Bxc7 Qxc7 15. h4 Rad8 16. h5 Nf8 17. c3 Rd5 18. Ne3 Rg5 19. Qd1 c5 20. f4 Rg3 21. Nf5 Bxf5 22. Bxf5 cxd4 23. Qxd4 Re2 24. Rf2 Rxf2 25. Qxf2 Qb6 26. Qxb6 axb6 27. Kf2 1-0


[Site "https://www.chess.com"]

[Event "Titled Tuesday Blitz May 2 Late 2023"]
[White "Ramirez Vido, Robert Yorisan"]
[Black "Ismayilova, Khanim"]
[WhiteFideId "3513823"]
[BlackFideId "13429019"]
[WhiteElo "2015"]
[BlackElo "1633"]
[Result "1-0"]
[Round "02"]
[TimeControl "180+2"]
[Date "2023.05.02"]
[WhiteClock "0:00:23"]
[BlackClock "0:00:01"]

1. f4 d5 2. Nf3 c5 3. g3 Nc6 4. Bg2 g6 5. d3 Bg7 6. O-O e6 7. c3 Nge7 8. e4 O-O 9. Na3 b6 10. e5 Bb7 11. Nb5 Ba6 12. Nd6 Nc8 13. Nxc8 Rxc8 14. Re1 d4 15. c4 Bb7 16. Ng5 Qc7 17. Ne4 Ne7 18. Nd6 Bxg2 19. Kxg2 Rcd8 20. Qf3 Nf5 21. Ne4 a6 22. Bd2 Rb8 23. Kg1 h6 24. g4 Ne7 25. Qh3 Nc6 26. Nf6+ Kh8 27. f5 Nxe5 28. Bxh6 Bxf6 29. Bxf8+ Kg8 30. Bh6 Qc6 31. Bf4 Nf3+ 32. Kf2 Nxe1 33. Rxe1 Rd8 34. fxe6 fxe6 35. Qh6 1-0


[Site "https://www.chess.com"]

[Event "Titled Tuesday Blitz May 2 Late 2023"]
[White "Munoz Misselis, Nelson Carlos"]
[Black "D`Arruda, Ricardo D."]
[WhiteFideId "6601790"]
[BlackFideId "100692"]
[WhiteElo "1749"]
[BlackElo "2271"]
[Result "0-1"]
[Round "02"]
[TimeControl "180+2"]
[Date "2023.05.02"]
[WhiteClock "0:01:26"]
[BlackClock "0:01:30"]

1. d4 Nf6 2. c4 e5 3. dxe5 Ne4 4. Nf3 Nc6 5. e3 d6 6. Be2 dxe5 7. Qxd8+ Kxd8 8. O-O f6 9. Nbd2 Nc5 10. b3 Be6 11. Bb2 a5 12. Rfd1 Ke8 13. Rac1 Be7 14. Nf1 Kf7 15. Ng3 a4 16. b4 Nxb4 17. a3 Nc6 18. h3 Rhd8 19. Rxd8 Rxd8 20. Rd1 Rxd1+ 21. Bxd1 Bxc4 22. Ne2 Nd3 23. Bc3 b5 24. Bc2 Bxa3 0-1


[Site "https://www.chess.com"]

[Event "Titled Tuesday Blitz May 2 Late 2023"]
[White "Lohia, Sohum"]
[Black "Marcziter, Dmitrii"]
[WhiteFideId "5819369"]
[BlackFideId "13900765"]
[WhiteElo "2036"]
[BlackElo "2162"]
[Result "1-0"]
[Round "02"]
[TimeControl "180+2"]
[Date "2023.05.02"]
[WhiteClock "0:00:31"]
[BlackClock "0:00:21"]

1. e4 c5 2. Nf3 a6 3. g3 d5 4. exd5 Qxd5 5. Bg2 Bg4 6. h3 Qe6+ 7. Kf1 Bf5 8. d3 Nc6 9. Nc3 Nf6 10. Nh4 Bg6 11. Nxg6 hxg6 12. Be3 Qd6 13. Qf3 e6 14. Ne4 Nxe4 15. Qxe4 Be7 16. Kg1 O-O-O 17. Kh2 g5 18. b4 cxb4 19. Rab1 f5 20. Qc4 g4 21. a3 Kb8 22. axb4 Ne5 23. Qc5 Nf3+ 24. Bxf3 Rxh3+ 25. Kg1 Rxg3+ 26. fxg3 Qxg3+ 27. Bg2 Bxc5 28. Bxc5 f4 29. Bf2 Qxg2+ 30. Kxg2 g5 31. b5 a5 32. Rh5 Rg8 33. Rbh1 g3 34. Bxg3 fxg3 35. Rh8 Rxh8 36. Rxh8+ Kc7 37. Kxg3 Kb6 38. Kg4 Kxb5 39. Kxg5 Kb4 40. Kf6 b5 41. Kxe6 a4 42. d4 a3 43. d5 a2 44. Ra8 Kc3 45. d6 Kb2 46. d7 a1=Q 47. Rxa1 Kxa1 48. d8=Q Kb2 49. Qb6 Kxc2 50. Qxb5 Kc3 51. Kd5 Kd2 52. Qb3 Ke2 53. Qc3 Kf2 54. Qd3 Kg2 55. Ke4 Kh2 56. Kf3 Kg1 57. Qe2 Kh1 58. Qg2# 1-0


[Site "https://www.chess.com"]

[Event "Titled Tuesday Blitz May 2 Late 2023"]
[White "Todorovic, Bojan"]
[Black "Viasus, Juan Diego"]
[WhiteFideId "917087"]
[BlackFideId "4464346"]
[WhiteElo "2266"]
[BlackElo "1249"]
[Result "1-0"]
[Round "02"]
[TimeControl "180+2"]
[Date "2023.05.02"]
[WhiteClock "0:02:36"]
[BlackClock "0:02:37"]

1. d4 Nf6 2. c4 c5 3. d5 b5 4. cxb5 a6 5. e3 d6 6. Nc3 Nbd7 7. Nf3 g6 8. Be2 Bg7 9. O-O O-O 10. a4 Nb6 11. a5 Nbd7 12. b6 Bb7 13. e4 Ng4 14. Nd2 e5 15. Bxg4 1-0


[Site "https://www.chess.com"]

[Event "Titled Tuesday Blitz May 2 Late 2023"]
[White "Kobo, Ori"]
[Black "Firouzja, Alireza"]
[WhiteFideId "2812320"]
[BlackFideId "12573981"]
[WhiteElo "2447"]
[BlackElo "2904"]
[Result "0-1"]
[Round "03"]
[TimeControl "180+2"]
[Date "2023.05.02"]
[WhiteClock "0:00:04"]
[BlackClock "0:00:23"]

1. e4 c5 2. Nf3 d6 3. d4 cxd4 4. Qxd4 Nc6 5. Bb5 a6 6. Bxc6+ bxc6 7. O-O e5 8. Qa4 Bd7 9. c4 c5 10. Qc2 Ne7 11. Nc3 Nc6 12. Nd5 Be7 13. Bd2 O-O 14. a3 f5 15. b4 fxe4 16. Qxe4 Bf5 17. Nxe7+ Nxe7 18. Qe3 Bg4 19. Ng5 h6 20. Ne4 Nf5 21. Qd3 Nd4 22. f3 Bf5 23. Rab1 Rc8 24. Be3 d5 25. cxd5 c4 26. Qd2 Qxd5 27. Nc3 Qf7 28. Rbd1 Rcd8 29. Qf2 Bd3 30. Rfe1 Nc2 31. Bc5 Rfe8 32. Qg3 Nxe1 33. Rxe1 Qg6 34. Qh4 Rd7 35. a4 Rf7 36. Kh1 e4 37. fxe4 Re5 38. h3 Rh5 39. Qd8+ Kh7 40. Qd6 Rf6 41. Qh2 Re6 42. Qf4 Rf6 43. Qe3 Bf1 44. Qg1 Qg3 45. Rxf1 Rxh3+ 46. gxh3 Qxh3+ 47. Qh2 Rxf1+ 48. Bg1 Qxc3 0-1


[Site "https://www.chess.com"]

[Event "Titled Tuesday Blitz May 2 Late 2023"]
[White "Pakleza, Zbigniew"]
[Black "Duda, Jan-Krzysztof"]
[WhiteFideId "1119290"]
[BlackFideId "1170546"]
[WhiteElo "2410"]
[BlackElo "2790"]
[Result "0-1"]
[Round "03"]
[TimeControl "180+2"]
[Date "2023.05.02"]
[WhiteClock "0:00:02"]
[BlackClock "0:00:31"]

1. d4 b6 2. e4 Bb7 3. Bd3 d6 4. Nf3 Nd7 5. O-O e6 6. Qe2 a6 7. c3 Ne7 8. a4 h6 9. Nbd2 g5 10. e5 g4 11. Ne1 dxe5 12. dxe5 Nc6 13. f4 gxf3 14. Nexf3 Rg8 15. Bh7 Rg7 16. Be4 Nc5 17. Nc4 Nxe4 18. Qxe4 h5 19. Qe2 Qd5 20. Bh6 Rg4 21. Ne3 Bc5 22. b4 Bxe3+ 23. Qxe3 Nxe5 24. Kh1 Nxf3 25. gxf3 O-O-O 26. a5 bxa5 27. h3 Rg3 28. Kh2 Rdg8 29. Rf2 Qf5 0-1


[Site "https://www.chess.com"]

[Event "Titled Tuesday Blitz May 2 Late 2023"]
[White "Bluebaum, Matthias"]
[Black "Santos Ruiz, Miguel"]
[WhiteFideId "24651516"]
[BlackFideId "22291482"]
[WhiteElo "2638"]
[BlackElo "2504"]
[Result "1-0"]
[Round "03"]
[TimeControl "180+2"]
[Date "2023.05.02"]
[WhiteClock "0:00:23"]
[BlackClock "0:00:02"]

1. d4 Nf6 2. c4 e6 3. Nc3 Bb4 4. e3 O-O 5. Bd2 b6 6. Nf3 c5 7. Bd3 Bb7 8. a3 Bxc3 9. Bxc3 Ne4 10. Bxe4 Bxe4 11. dxc5 bxc5 12. Qd6 Nc6 13. Qxc5 Rc8 14. Qd6 f6 15. Nd2 Bg6 16. O-O Qc7 17. Qxc7 Rxc7 18. Rac1 Rfc8 19. Rfd1 Bd3 20. b3 a5 21. b4 axb4 22. axb4 Ne7 23. b5 d5 24. b6 Rb7 25. c5 Rxc5 26. Bb4 Rb5 27. Bxe7 Rxe7 28. Rc7 Rxc7 29. bxc7 Rc5 30. Nb3 Rxc7 31. Rxd3 Kf7 32. g4 Kg6 33. Kg2 Kf7 34. Nd2 Rd7 35. Nf3 e5 36. Ra3 Ke6 37. Ra6+ Rd6 38. Ra7 Rd7 39. Rxd7 Kxd7 40. Nh4 g6 41. Nf3 Ke6 42. Nd2 f5 43. Kg3 Kf6 44. h4 h6 45. gxf5 Kxf5 46. f3 g5 47. e4+ dxe4 48. fxe4+ Kg6 49. Nf3 gxh4+ 50. Kxh4 Kf6 51. Kh5 1-0


[Site "https://www.chess.com"]

[Event "Titled Tuesday Blitz May 2 Late 2023"]
[White "Krzyzanowski, Marcin"]
[Black "Andreikin, Dmitry"]
[WhiteFideId "1132199"]
[BlackFideId "4158814"]
[WhiteElo "2471"]
[BlackElo "2736"]
[Result "0-1"]
[Round "03"]
[TimeControl "180+2"]
[Date "2023.05.02"]
[WhiteClock "0:00:13"]
[BlackClock "0:00:05"]

1. e4 c5 2. Nf3 Nc6 3. d4 cxd4 4. Nxd4 Nf6 5. Nc3 e6 6. a3 d6 7. f4 Be7 8. Be3 O-O 9. Qf3 e5 10. Nxc6 bxc6 11. fxe5 dxe5 12. Bc4 Ng4 13. Bd2 Qd4 14. Bb3 Rb8 15. O-O-O Qf2 16. Rdf1 Qxf3 17. Rxf3 Bc5 18. h3 Nf6 19. g4 Bd4 20. Re1 Be6 21. Bxe6 fxe6 22. Na4 h5 23. g5 Nd7 24. Ref1 h4 25. b4 Rxf3 26. Rxf3 Bg1 27. Rd3 Nf8 28. Rd6 Rc8 29. Be1 Be3+ 30. Bd2 Bf4 31. Nc5 Kf7 32. Rd3 Kg6 33. Nd7 Kxg5 34. Nxe5 Bxd2+ 35. Kxd2 Kf4 36. Nf7 Ng6 37. e5 Rf8 38. Rd4+ Kg3 39. Ng5 Nxe5 40. Kc3 Rf5 41. Nxe6 g5 42. Re4 Nf3 43. Re3 Kg2 44. Kc4 Rf6 45. a4 Kf2 46. Re4 Nd2+ 47. Kd3 Nxe4 48. Nd4 Ng3 49. c4 g4 50. hxg4 h3 0-1


[Site "https://www.chess.com"]

[Event "Titled Tuesday Blitz May 2 Late 2023"]
[White "Grischuk, Alexander"]
[Black "Klukin, Kirill"]
[WhiteFideId "4126025"]
[BlackFideId "24199273"]
[WhiteElo "2727"]
[BlackElo "2344"]
[Result "1-0"]
[Round "03"]
[TimeControl "180+2"]
[Date "2023.05.02"]
[WhiteClock "0:00:47"]
[BlackClock "0:00:14"]

1. e4 c5 2. Nc3 g6 3. Nf3 Bg7 4. d4 cxd4 5. Nxd4 Nc6 6. Be3 Nf6 7. Bc4 O-O 8. Bb3 Re8 9. f3 e6 10. f4 d6 11. Ndb5 Bf8 12. Qf3 a6 13. Nd4 Nxd4 14. Bxd4 e5 15. fxe5 dxe5 16. Be3 Bg4 17. Qg3 Bb4 18. O-O Be6 19. Qf3 Ng4 20. Bxe6 Nxe3 21. Bxf7+ Kg7 22. Qxe3 1-0


[Site "https://www.chess.com"]

[Event "Titled Tuesday Blitz May 2 Late 2023"]
[White "Szpar, Milosz"]
[Black "Sarana, Alexey"]
[WhiteFideId "1184989"]
[BlackFideId "24133795"]
[WhiteElo "2436"]
[BlackElo "2714"]
[Result "0-1"]
[Round "03"]
[TimeControl "180+2"]
[Date "2023.05.02"]
[WhiteClock "0:00:01"]
[BlackClock "0:00:03"]

1. e4 c5 2. c3 Nf6 3. e5 Nd5 4. d4 cxd4 5. Nf3 d6 6. exd6 Qxd6 7. Nxd4 a6 8. Na3 e6 9. Nc4 Qc7 10. a4 Bc5 11. Ne3 Nxe3 12. Bxe3 e5 13. Nc2 O-O 14. Bd3 Be6 15. O-O Nd7 16. Qe2 Rae8 17. Bc4 Bf5 18. Bxc5 Nxc5 19. Ne3 Bg6 20. a5 Kh8 21. Nd5 Qc6 22. Rfd1 e4 23. Nf4 Re5 24. Rd4 Qf6 25. Qe3 Nd3 26. Bxd3 exd3 27. Qd2 Rfe8 28. h4 Bf5 29. Nxd3 Bxd3 30. Qxd3 h6 31. Qf3 Rf5 32. Qg3 Re2 33. Rf1 Rxb2 34. Qb8+ Kh7 35. Rd8 Qxh4 36. Rh8+ Kg6 37. Qd6+ Qf6 38. Qd3 h5 39. Qh3 Qg5 40. Qd3 Qf4 41. Rd8 Rxf2 42. Rd6+ f6 43. Re1 Qg5 44. Qe4 Rf4 45. Qxb7 Rg4 46. Rd7 Kh6 47. Re8 Qc1+ 48. Kh2 Rh4+ 49. Kg3 Qf4# 0-1


[Site "https://www.chess.com"]

[Event "Titled Tuesday Blitz May 2 Late 2023"]
[White "Deac, Bogdan-Daniel"]
[Black "Tanenbaum, Zachary"]
[WhiteFideId "1226380"]
[BlackFideId "2060850"]
[WhiteElo "2649"]
[BlackElo "2175"]
[Result "1-0"]
[Round "03"]
[TimeControl "180+2"]
[Date "2023.05.02"]
[WhiteClock "0:00:36"]
[BlackClock "0:00:08"]

1. b3 e5 2. Bb2 Nc6 3. Nf3 e4 4. Nd4 Nxd4 5. Bxd4 d5 6. e3 c5 7. Bb2 d4 8. Bb5+ Bd7 9. Qe2 dxe3 10. dxe3 Bxb5 11. Qxb5+ Qd7 12. Nc3 Qxb5 13. Nxb5 Kd7 14. O-O-O+ Kc6 15. c4 f6 16. Rd2 a6 17. Nc3 Re8 18. Rhd1 Nh6 19. h3 Nf7 20. Kc2 Bd6 21. a3 Re6 22. Nd5 Rhe8 23. b4 Be5 24. b5+ axb5 25. cxb5+ Kxb5 26. Bxe5 Nxe5 27. Nc7+ Kc6 28. Nxe8 Rxe8 29. Rd8 Re6 30. Rc8+ Kb6 31. Rb1+ Ka7 32. Rc7 Rb6 33. Rxb6 Kxb6 34. Rxg7 Nd3 35. Rxh7 Nxf2 36. Rf7 Kb5 37. Rxf6 Nd3 38. h4 Ne1+ 39. Kd2 Nxg2 40. h5 Kc4 41. h6 Kb3 42. h7 c4 43. Rb6+ 1-0


[Site "https://www.chess.com"]

[Event "Titled Tuesday Blitz May 2 Late 2023"]
[White "Klimkowski, Jan"]
[Black "Sanal, Vahap"]
[WhiteFideId "21856222"]
[BlackFideId "6300545"]
[WhiteElo "2331"]
[BlackElo "2606"]
[Result "0-1"]
[Round "03"]
[TimeControl "180+2"]
[Date "2023.05.02"]
[WhiteClock "0:00:21"]
[BlackClock "0:00:46"]

1. e4 c5 2. Nf3 d6 3. d4 cxd4 4. Nxd4 Nf6 5. Nc3 a6 6. Be2 e5 7. Nb3 Be7 8. O-O O-O 9. Re1 Be6 10. Bf3 Nbd7 11. a4 Qc7 12. a5 Rfc8 13. Be3 h6 14. h3 Rd8 15. Re2 Rac8 16. Rd2 Qb8 17. Qe1 Nh7 18. Bg4 Nhf6 19. Bf3 Nf8 20. Bb6 Re8 21. Rad1 Ng6 22. Qe3 Nd7 23. Qe1 Nxb6 24. axb6 Rc6 25. Nd5 Bxd5 26. exd5 Rxb6 27. Be4 Nf4 28. Kh2 Qc8 29. Qe3 Rb4 30. Bf3 Bg5 31. Qe1 Rc4 32. c3 e4 33. Bg4 f5 34. Be2 Nd3 35. Qf1 Bf4+ 36. g3 Bxd2 37. Rxd2 f4 38. Nd4 fxg3+ 39. Kxg3 Qd8 40. Bxd3 Qg5+ 41. Kh2 Rxd4 42. cxd4 Qxd2 43. Bb1 e3 0-1


[Site "https://www.chess.com"]

[Event "Titled Tuesday Blitz May 2 Late 2023"]
[White "Maghsoodloo, Parham"]
[Black "Samsonkin, Artiom"]
[WhiteFideId "12539929"]
[BlackFideId "13503111"]
[WhiteElo "2647"]
[BlackElo "2524"]
[Result "1/2-1/2"]
[Round "03"]
[TimeControl "180+2"]
[Date "2023.05.02"]
[WhiteClock "0:00:07"]
[BlackClock "0:00:11"]

1. d4 Nf6 2. c4 e6 3. Nf3 Bb4+ 4. Bd2 Qe7 5. g3 Nc6 6. Bg2 Bxd2+ 7. Nbxd2 d6 8. O-O e5 9. e3 O-O 10. h3 a5 11. a3 Bf5 12. Qb3 a4 13. Qc3 Ne4 14. Nxe4 Bxe4 15. Rad1 exd4 16. exd4 Qf6 17. Rfe1 Rfe8 18. Re3 Re7 19. Nh4 Bxg2 20. Nxg2 Rae8 21. Rf3 Qg5 22. Nf4 Qa5 23. Nd5 Re1+ 24. Rxe1 Rxe1+ 25. Kg2 Qxc3 26. bxc3 Na5 27. Nxc7 Nxc4 28. Rf5 Ra1 29. Rb5 Rxa3 30. Rxb7 h6 31. Nd5 Rb3 32. Rc7 Nb2 33. Ne7+ Kh7 34. Nf5 a3 35. Nxd6 Na4 36. Ra7 Nxc3 37. Nxf7 a2 38. d5 Rb1 39. d6 Rb7 40. Rxb7 a1=Q 41. d7 Qa8 42. d8=Q Qxb7+ 43. Kh2 Qxf7 44. Qd3+ Kh8 45. Qxc3 Qxf2+ 46. Kh1 Qf1+ 47. Kh2 Qf2+ 48. Kh1 Qf1+ 49. Kh2 Qf2+ 1/2-1/2


[Site "https://www.chess.com"]

[Event "Titled Tuesday Blitz May 2 Late 2023"]
[White "Mgeladze, Tamaz"]
[Black "Matlakov, Maxim"]
[WhiteFideId "13601202"]
[BlackFideId "4168003"]
[WhiteElo "2288"]
[BlackElo "2666"]
[Result "0-1"]
[Round "03"]
[TimeControl "180+2"]
[Date "2023.05.02"]
[WhiteClock "0:00:03"]
[BlackClock "0:00:21"]

1. c4 e6 2. Nf3 d5 3. g3 Nf6 4. b3 d4 5. e3 c5 6. exd4 cxd4 7. Bg2 Nc6 8. O-O Bd6 9. d3 O-O 10. Bg5 h6 11. Bxf6 Qxf6 12. Nbd2 Qe7 13. Ne4 Bc7 14. a3 a5 15. Qc2 e5 16. Rfe1 Be6 17. c5 Qd7 18. Rab1 Bd5 19. b4 axb4 20. axb4 Ra2 21. Qc1 Na7 22. Ra1 Rxa1 23. Qxa1 Nb5 24. Ned2 Re8 25. Qa4 Bc6 26. Qb3 Nc3 27. Nc4 e4 28. dxe4 Bxe4 29. Nfd2 Bxg2 30. Rxe8+ Qxe8 31. Kxg2 Qe2 32. Qc2 g6 33. b5 Nd1 34. Qe4 Qxf2+ 35. Kh3 Qf6 36. Qf3 Qe6+ 37. g4 Ne3 38. Nxe3 dxe3 39. Ne4 h5 0-1


[Site "https://www.chess.com"]

[Event "Titled Tuesday Blitz May 2 Late 2023"]
[White "Yanchenko, Roman"]
[Black "Terry, Renato"]
[WhiteFideId "4137329"]
[BlackFideId "3803457"]
[WhiteElo "2491"]
[BlackElo "2575"]
[Result "1/2-1/2"]
[Round "03"]
[TimeControl "180+2"]
[Date "2023.05.02"]
[WhiteClock "0:00:22"]
[BlackClock "0:00:08"]

1. d4 e6 2. c4 Bb4+ 3. Bd2 Qe7 4. Nf3 Nf6 5. e3 Bxd2+ 6. Qxd2 O-O 7. Nc3 d6 8. Qc2 e5 9. dxe5 dxe5 10. Bd3 Re8 11. Ne4 Nbd7 12. O-O Nxe4 13. Bxe4 Nf6 14. Rfd1 c6 15. Rd2 Bg4 16. Rad1 Nxe4 17. Qxe4 f5 18. Qc2 e4 19. Rd7 Qf8 20. Rxb7 exf3 21. Rdd7 Rad8 22. Rf7 Qxf7 23. Rxf7 Kxf7 24. h3 Bxh3 25. gxh3 g6 26. Qa4 Rd2 27. Qxc6 Rxb2 28. a4 Re4 29. Qd7+ Kf6 30. Qxa7 Rc2 31. Qb6+ Kg5 32. Qd8+ Kh5 33. a5 Rexc4 34. Qd5 Ra4 35. Qxf3+ Kh6 36. Kg2 Rca2 37. Qg3 R2a3 38. a6 Ra2 39. Kf3 Ra1 40. Kg2 R1a3 41. Kf3 Rxa6 42. Qh4+ Kg7 43. Qe7+ Kh6 44. Qh4+ Kg7 45. Qe7+ Kg8 46. Qe8+ Kg7 47. Qe7+ 1/2-1/2


[Site "https://www.chess.com"]

[Event "Titled Tuesday Blitz May 2 Late 2023"]
[White "Hakobyan, Aram"]
[Black "Halkias, Stelios"]
[WhiteFideId "13306677"]
[BlackFideId "4201809"]
[WhiteElo "2584"]
[BlackElo "2451"]
[Result "1-0"]
[Round "03"]
[TimeControl "180+2"]
[Date "2023.05.02"]
[WhiteClock "0:00:56"]
[BlackClock "0:00:14"]

1. d4 Nf6 2. c4 e6 3. Nc3 Bb4 4. e3 O-O 5. a3 Bxc3+ 6. bxc3 c5 7. Ne2 Nc6 8. Ng3 b6 9. e4 Ne8 10. d5 Na5 11. Bd3 Ba6 12. Qe2 f5 13. exf5 exd5 14. cxd5 Bxd3 15. Qxd3 Nd6 16. O-O Qf6 17. Bf4 Nxf5 18. Rae1 Qg6 19. Ne4 Rae8 20. Bg3 h6 21. Re2 Kh7 22. Rfe1 Nb7 23. Nf6+ gxf6 24. Rxe8 Rxe8 25. Rxe8 Qxe8 26. Qxf5+ Kg7 27. h4 d6 28. h5 Qf7 29. Bf4 a6 30. Qg4+ Kh7 31. Qe6 Kg7 32. Bxh6+ Kg8 33. Bf4 b5 34. h6 Kf8 35. Qc8+ 1-0


[Site "https://www.chess.com"]

[Event "Titled Tuesday Blitz May 2 Late 2023"]
[White "Sun, Rick"]
[Black "Bortnyk, Mykola"]
[WhiteFideId "30909481"]
[BlackFideId "14120836"]
[WhiteElo "2169"]
[BlackElo "2582"]
[Result "0-1"]
[Round "03"]
[TimeControl "180+2"]
[Date "2023.05.02"]
[WhiteClock "0:00:06"]
[BlackClock "0:00:50"]

1. d4 d5 2. Nc3 Nf6 3. Bf4 e6 4. e3 Bd6 5. Nf3 c5 6. dxc5 Bxc5 7. Bd3 Nc6 8. O-O Qe7 9. e4 d4 10. e5 dxc3 11. exf6 gxf6 12. bxc3 e5 13. Bg3 Bg4 14. h3 Be6 15. Qe2 O-O-O 16. Be4 Na5 17. Rfd1 h5 18. Rab1 Bb6 19. Kh1 Rhg8 20. Bh2 f5 21. Bd3 e4 22. Bxe4 fxe4 23. Qxe4 Rxd1+ 24. Rxd1 Rd8 25. Nd4 Bc7 26. Bxc7 Qxc7 27. Rd3 Bc4 28. Rf3 Bd5 29. Qf5+ Qd7 30. Qxd7+ Rxd7 31. Rf5 Nc6 32. Rxh5 Nxd4 33. cxd4 Bxa2 34. Rh8+ Kc7 35. c3 a5 36. h4 Rd8 37. Rh5 Ra8 38. g4 a4 39. g5 Bb1 40. Rh6 a3 41. Rf6 a2 42. Rxf7+ Kc6 43. Rf6+ Kd7 44. Kg2 a1=Q 45. Kg3 Qxc3+ 46. Rf3 Qxd4 47. Re3 Rf8 48. Re2 Qf4+ 49. Kg2 Qf3+ 50. Kg1 Qxe2 51. g6 Qxf2+ 52. Kh1 Be4# 0-1


[Site "https://www.chess.com"]

[Event "Titled Tuesday Blitz May 2 Late 2023"]
[White "Papasimakopoulos, Alexandros"]
[Black "Sargsyan, Shant"]
[WhiteFideId "4244125"]
[BlackFideId "13306766"]
[WhiteElo "2359"]
[BlackElo "2628"]
[Result "0-1"]
[Round "03"]
[TimeControl "180+2"]
[Date "2023.05.02"]
[WhiteClock "0:00:08"]
[BlackClock "0:01:40"]

1. d4 g6 2. c4 Nf6 3. Nc3 Bg7 4. e4 O-O 5. f3 c5 6. d5 e6 7. Nge2 exd5 8. cxd5 a6 9. a4 d6 10. Ng3 Nbd7 11. Be2 h5 12. O-O Re8 13. Bg5 Qb6 14. Qd2 Nh7 15. a5 Qc7 16. Bf4 Rb8 17. Nh1 b5 18. axb6 Qxb6 19. Ra2 Ne5 20. Nf2 h4 21. h3 g5 22. Bxg5 Nxg5 23. Qxg5 Ng6 24. f4 Qd8 25. Qxd8 Rxd8 26. e5 Nxf4 27. Bxa6 Bxa6 28. Rxa6 Bxe5 29. Ng4 Rxb2 30. Nxe5 dxe5 31. Rc6 Kg7 32. Rxc5 Rxg2+ 33. Kh1 Rg3 34. Rg1 f5 35. Re1 Rxh3+ 36. Kg1 Rg3+ 37. Kh1 Kf6 38. Rc6+ Kg5 39. Rxe5 Kg4 40. Ne2 Nxe2 41. Rxe2 Rxd5 42. Kh2 f4 43. Rc8 Rh3+ 44. Kg1 Rd1+ 45. Kg2 f3+ 46. Kf2 Rh2+ 47. Ke3 Rxe2# 0-1


[Site "https://www.chess.com"]

[Event "Titled Tuesday Blitz May 2 Late 2023"]
[White "Ibarra Jerez, Jose Carlos"]
[Black "Schmakel, Sam"]
[WhiteFideId "2226332"]
[BlackFideId "2039311"]
[WhiteElo "2638"]
[BlackElo "2356"]
[Result "1-0"]
[Round "03"]
[TimeControl "180+2"]
[Date "2023.05.02"]
[WhiteClock "0:00:05"]
[BlackClock "0:00:02"]

1. e4 Nc6 2. Nf3 d6 3. d4 Nf6 4. Nc3 g6 5. d5 Nb8 6. h3 Bg7 7. Bc4 O-O 8. O-O c6 9. a4 cxd5 10. exd5 Nbd7 11. Re1 a6 12. Bg5 b6 13. Qd2 Bb7 14. Rad1 Rc8 15. Qe2 h6 16. Bh4 a5 17. Bb5 g5 18. Bg3 Rxc3 19. bxc3 Nxd5 20. Rd3 Nc5 21. c4 Nc3 22. Qxe7 Nxd3 23. cxd3 Bxf3 24. gxf3 Nxb5 25. cxb5 Qa8 26. Bxd6 Qxf3 27. Qe4 Qxe4 28. dxe4 Rc8 29. e5 Bf8 30. Rd1 Rd8 31. Rd4 Bxd6 32. exd6 Rd7 33. Kg2 Kg7 34. Kf3 Kf6 35. Kg4 Ke5 36. Rd1 Rxd6 37. Rxd6 Kxd6 38. Kh5 Ke5 39. Kxh6 Kf4 40. Kg7 f5 41. Kf6 g4 42. h4 Kf3 43. Kxf5 1-0


[Site "https://www.chess.com"]

[Event "Titled Tuesday Blitz May 2 Late 2023"]
[White "Gritsenko, Nikolai"]
[Black "Chigaev, Maksim"]
[WhiteFideId "14112493"]
[BlackFideId "4108116"]
[WhiteElo "2389"]
[BlackElo "2547"]
[Result "1/2-1/2"]
[Round "03"]
[TimeControl "180+2"]
[Date "2023.05.02"]
[WhiteClock "0:00:08"]
[BlackClock "0:00:08"]

1. d4 Nf6 2. c4 g6 3. f3 Bg7 4. e4 d6 5. Nc3 O-O 6. Nge2 a6 7. Be3 b5 8. cxb5 axb5 9. Nxb5 c6 10. Nbc3 Nbd7 11. Qd2 e5 12. g3 d5 13. exd5 Nxd5 14. Nxd5 cxd5 15. Kf2 Re8 16. Nc3 exd4 17. Bxd4 Ne5 18. Re1 Bf5 19. Bb5 Nd3+ 20. Bxd3 Bxd4+ 21. Kg2 Bxc3 22. Qxc3 Bxd3 23. Qxd3 Rxa2 24. Qb5 Rf8 25. Rd1 Qa8 26. Qe2 Re8 27. Qf2 Qb7 28. Rd2 h5 29. h4 Re6 30. Rc1 Kh7 31. Rcc2 Ra1 32. Re2 Raa6 33. Qd4 Rac6 34. Rcd2 Rc4 35. Qf2 Rxe2 36. Rxe2 d4 37. Rd2 Qd5 38. Qe2 Rb4 39. Qd3 Rb3 40. Qe4 Qxe4 41. fxe4 Kg7 42. Kf2 Kf6 43. Rxd4 Rxb2+ 44. Kf3 Rb3+ 45. Kg2 Rb7 46. Rd5 Rb4 47. Kf3 Ra4 48. Kf4 Kg7 49. Rd7 Ra2 50. Kf3 Ra1 51. Rc7 Kf6 52. Rc6+ Kg7 53. Rc7 Ra6 54. Rc5 Rf6+ 55. Ke3 Rb6 56. Rc7 Rb3+ 57. Kf4 Rb1 58. Kf3 Rf1+ 59. Ke3 Ra1 60. Kf3 1/2-1/2


[Site "https://www.chess.com"]